 Dungeon Sprint DCSS version 0.26.1-11-gd32895ea62 (webtiles) character file.

Game seed: 11626325308354705616

487 Zeld the Geomancer (level 7, -4/41 HPs)
             Began as an Octopode Earth Elementalist on June 6, 2021.
             Was an Elder of Sif Muna.
             Slain by an orc
             ... wielding a +0 flail
              (9 damage)
             ... in the Dungeon (Sprint V: "Ziggurat Sprint").
             The game lasted 00:02:06 (1203 turns).

Zeld the Geomancer (Octopode Earth Elementalist)    Turns: 1203, Time: 00:02:06

Health: -4/41      AC:  1    Str: 20    XL:     7   Next: 13%
Magic:  1/16       EV: 16    Int: 31    God:    Sif Muna [****..]
Gold:   0          SH:  0    Dex: 12    Spells: 3/18 levels left

rFire    . . .     SeeInvis .   (no weapon)
rCold    . . .     Faith    .   (no shield)
rNeg     . . .     Spirit   .   (helmet restricted)
rPois    .         Reflect  .   (no amulet)
rElec    .         Harm     .   x - +6 ring of strength
rCorr    .         Rampage  .   w - +6 ring of intelligence
Will     .....     NoTele   +   y - +6 ring of strength
Stlth    +++.......             v - +6 ring of intelligence
HPRegen  0.13/turn              (no ring)
MPRegen  0.15/turn              (no ring)
                                (no ring)
                                (no ring)

@: no status effects
A: almost no armour, stealthy swim, amphibious, 8 rings, constrict 8, camouflage
1, gelatinous body 1
a: Renounce Religion, Channel Magic, Forget Spell, Divine Exegesis


You were in the Dungeon.
You worshipped Sif Muna.
Sif Muna was greatly pleased with you.
You visited 1 branch

Inventory:

Missiles
 b - 19 stones
Jewellery
 v - a +6 ring of intelligence (on tentacle)
 w - a +6 ring of intelligence (right tentacle)
 x - a +6 ring of strength (left tentacle)
 y - a +6 ring of strength (on tentacle)
Wands
 s - a wand of disintegration (7)
 t - a wand of iceblast (3)
 u - a wand of acid (7)
Scrolls
 h - 4 scrolls of blinking
 m - 4 scrolls of amnesia
 n - 7 scrolls of fog
 o - a scroll of holy word
 p - 5 scrolls of identify
 q - 5 scrolls of remove curse
 r - 2 scrolls of fear
Potions
 a - 2 potions of brilliance
 c - 10 potions of curing
 d - 10 potions of heal wounds
 e - 6 potions of haste
 f - 7 potions of magic
 g - 3 potions of berserk rage
 i - 2 potions of invisibility
 j - 4 potions of resistance
 l - 5 potions of might
Miscellaneous
 z - a lightning rod (4/4)


   Skills:
 + Level 6.8 Dodging
 - Level 2.6 Stealth
 + Level 6.3 Spellcasting
 - Level 1.0 Transmutations
 * Level 9.8 Earth Magic
 * Level 8.2 Invocations


You had 3 spell levels left.
You knew the following spells:

 Your Spells              Type           Power        Failure   Level
a - Sandblast             Erth           100%         1%          1
b - Passwall              Tmut/Erth      35%          1%          2
c - Stone Arrow           Conj/Erth      80%          1%          3
d - Petrify               Tmut/Erth      43%          5%          4
e - Lee's Rapid Deconstr  Erth           31%          2%          5

Your spell library contained the following spells:

 Spells                   Type           Power        Failure   Level
 Ignite Poison            Fire/Tmut/Pois 11%          13%         3
 Mephitic Cloud           Conj/Pois/Air  9%           14%         3
 Bolt of Magma            Conj/Fire/Erth 15%          34%         5
 Cause Fear               Hex            4%           43%         4
 Statue Form              Tmut/Erth      28%          63%         6
 Irradiate                Conj/Tmut      6%           73%         5
 Yara's Violent Unravell  Hex/Tmut       6%           73%         5
 Silence                  Hex/Air        4%           80%         5
 Hydra Form               Tmut           8%           99%         6
 Dragon Form              Tmut           8%           100%        7
 Discord                  Hex            4%           100%        8


Dungeon Overview and Level Annotations

Branches:
Dungeon (1/1)

Altars:
Ashenzari
Cheibriados
Dithmenos
Elyvilon
Fedhas
Gozag
Hepliaklqana
Kikubaaqudgha
Makhleb
Nemelex Xobeh
Okawaru
Qazlal
Ru
Sif Muna
Trog
Uskayaw
Vehumet
Wu Jian
Xom
Yredelemnul
Zin
The Shining One
Beogh
Jiyva
Lugonu

Annotations:
D 1 transporter


Innate Abilities, Weirdness & Mutations

You cannot wear most types of armour.
You are very stealthy in the water. (Stealth+)
You are amphibious.
You can wear up to eight rings at the same time.
You can use your tentacles to constrict eight enemies at once.
Your skin changes colour to match your surroundings (Stealth+).
Your rubbery body absorbs attacks. (AC +1, EV +1)


Message History

You constrict the orc priest. The orc closely misses you.
You tentacle-slap the orc priest.
The orc priest is severely wounded.
You constrict the orc priest.
The orc priest hits you with a +2 long sword of holy wrath!
* * * LOW HITPOINT WARNING * * *
The orc hits you with a +0 flail.
* * * LOW HITPOINT WARNING * * *
Casting: Stone Arrow (safe; 1% risk of failure)
Confirm with . or Enter, or press ? or * to list all spells.
Aiming: Sandblast (safe; 1% risk of failure)
Press: ? - help, Shift-Dir - straight line, f - orc priest
Aim: an orc priest, wielding a +2 long sword of holy wrath (almost dead, constricted by you, 0% to evade)
The blast of sand hits the orc priest!
You kill the orc priest!
Sif Muna accepts your kill. The orc closely misses you.
The orc barely misses you. The orc hits you with a +0 flail!
You die...

▓.....▓..÷..▓.[...▓
▓.....▓.....▓.....▓
▓.....▓..÷..▓..)).▓
▓.....▓.....▓..©..▓
▓..©..▓..©..▓▓▓▓▓▓▓
▓▓▓▓▓▓▓▓▓▓▓▓▓▓▓▓▓▓▓
▓..8©8...▓..8©8...▓
▓...[)...▓..)[)...▓
▓...)....▓..}.).@.▓
▓...†....▓..[.[.o.▓
▓........▓...)....▓
▓.▓..†.▓.▓.▓)...▓.▓
▓...©....▓...©....▓
▓▓▓▓▓▓▓▓▓▓▓▓▓▓▓▓▓▓▓


You could see an orc.

Vanquished Creatures
  A chaos spawn (D)
  A water moccasin (D)
  A crimson imp (D)
  4 orc priests (D)
  An iguana (D)
  An orc wizard (D)
  An adder (D)
  2 river rats (D)
  2 ufetubi (D)
  An orc (D)
  2 ball pythons (D)
17 creatures vanquished.

Notes
Turn   | Place    | Note
-------+----------+-------------------------------------------
     0 | D        | Zeld the Octopode Earth Elementalist began the quest for
                  | the Orb.
     0 | D        | Reached XP level 1. HP: 11/11 MP: 3/3
     0 | D        | Found a shimmering blue altar of Sif Muna.
     0 | D        | Found a bloodstained altar of Trog.
     0 | D        | Found a sacrificial altar of Ru.
     0 | D        | Found a stormy altar of Qazlal.
     0 | D        | Found an iron altar of Okawaru.
     1 | D        | Found a sparkling altar of Nemelex Xobeh.
     1 | D        | Found a blossoming altar of Fedhas.
     2 | D        | Found the +6 Majin-Bo {vamp, MP+6 Int+6}
     2 | D        | Found the +9 heavy crossbow "Sniper" {vorpal, Acc+∞ SInv}
     2 | D        | Found the +10 dark maul {vorpal}
     2 | D        | Found the +15 Maxwell's patent armour {-Cast -Tele rElec
                  | Will+ rCorr}
     2 | D        | Found the +18 shield of the Gong {rElec rN+ Will+ EV-5}
     2 | D        | Found the cursed +14 obsidian axe {vorpal, +Fly SInv
                  | *Curse}
     2 | D        | Found the +7 great mace "Firestarter" {inner flame, rF++}
     2 | D        | Found the +6 shillelagh "Devastator" {shatter}
     2 | D        | Found the +11 plutonium sword {*Contam Stlth-}
     2 | D        | Found the +8 lance "Wyrmbane" {slay drac, rPois rF+ rC+
                  | AC+3}
     2 | D        | Found the +9 sword of Zonguldrok {reap}
     2 | D        | Found the cursed +13 scythe of Curses {drain, *Curse}
     2 | D        | Found the +5 sword of Power {vorpal}
     2 | D        | Found the +7 mace of Variability {chain chaos}
     2 | D        | Found the +7 Singing Sword {vorpal, sonic wave}
     2 | D        | Found the +8 storm bow {elec, penet}
     4 | D        | Found an ancient bone altar of Kikubaaqudgha.
     4 | D        | Found a transporter.
     4 | D        | Found a corrupted altar of Lugonu.
     4 | D        | Found a viscous altar of Jiyva.
     4 | D        | Found a burning altar of Makhleb.
     4 | D        | Found a hazy altar of Hepliaklqana.
     4 | D        | Found an opulent altar of Gozag.
    31 | D        | Became a worshipper of Sif Muna the Loreminder
    32 | D        | Reached skill level 6 in Earth Magic
    32 | D        | Reached XP level 2. HP: 17/17 MP: 3/6
    36 | D        | Learned a level 2 spell: Passwall
    97 | D        | Entered arena 2.
    97 | D        | Found a transporter.
   103 | D        | Reached XP level 3. HP: 2/21 MP: 1/8
   104 | D        | Reached XP level 4. HP: 3/27 MP: 0/10
   374 | D        | Learned a level 3 spell: Stone Arrow
   379 | D        | Learned a level 4 spell: Petrify
   387 | D        | Got the Reference Book on Envenoming and the Mountains
   404 | D        | Entered arena 3.
   404 | D        | Found a transporter.
   407 | D        | Reached * piety under Sif Muna
   408 | D        | Reached skill level 7 in Earth Magic
   409 | D        | Reached skill level 5 in Dodging
   651 | D        | Entered arena 4.
   651 | D        | Noticed a chaos spawn
   651 | D        | Found a transporter.
   652 | D        | Reached ** piety under Sif Muna
   653 | D        | Reached XP level 5. HP: 31/31 MP: 12/12
   654 | D        | Reached skill level 5 in Spellcasting
   654 | D        | Reached skill level 5 in Invocations
   655 | D        | Killed a chaos spawn
   656 | D        | Reached skill level 8 in Earth Magic
   656 | D        | Reached XP level 6. HP: 36/36 MP: 12/14
   847 | D        | Learned a level 5 spell: Lee's Rapid Deconstruction
  1046 | D        | Entered arena 5.
  1046 | D        | Noticed a water moccasin
  1046 | D        | Found a transporter.
  1047 | D        | Reached *** piety under Sif Muna
  1050 | D        | Killed a water moccasin
  1051 | D        | Reached skill level 9 in Earth Magic
  1187 | D        | Entered arena 6.
  1187 | D        | Found a transporter.
  1188 | D        | Reached **** piety under Sif Muna
  1193 | D        | Reached XP level 7. HP: 27/41 MP: 0/16
  1203 | D        | Slain by an orc

Illustrated notes

Levels and vault maps discovered:
D:        sprint_v [room_start, room_1, room_2, room_3, room_4, room_5, room_6,
          room_7, room_8, room_9, room_10, room_11, room_12, room_13, room_14,
          room_15, room_16, room_17, room_18, room_19, room_20, room_21,
          room_22, room_23, room_24, room_25, room_26, room_27]

Skill      XL: |  1  2  3  4  5  6 |
---------------+-------------------+-----
Dodging        | 4 5 6 |  6.8
Spellcasting   | 3 4 5 6 |  6.3
Earth Magic    | 6 7 8 9 |  9.8
Invocations    | 2 3 4 6 8 |  8.2
Stealth        | |  2.6
Transmutations | |  1.0

Action                   |  1- 3 |  4- 6 |  7- 9 || total
-------------------------+-------+-------+-------++-------
Melee: Unarmed           |       |     2 |     3 ||     5
       Tentacles         |       |     2 |       ||     2
       Constrict         |       |       |     1 ||     1
 Cast: Sandblast         |     6 |     4 |     1 ||    11
       Stone Arrow       |       |    12 |       ||    12
Evoke: Wand              |       |     4 |       ||     4
  Use: Potion            |     1 |       |       ||     1
Dodge: Dodged            |     3 |     7 |     4 ||    14
